 Dungeon Crawl Stone Soup version 0.32-a0-986-ga09f62fbf4 (webtiles) character file.

Game seed: 12542630116382368265

4302 Bediveer the Destroyer (level 10, -10/58 HPs)
             Began as a Gargoyle Conjurer on Apr 22, 2024.
             Mangled by a polar bear (22 damage)
             ... on level 8 of the Dungeon.
             The game lasted 01:17:24 (9640 turns).

Bediveer the Destroyer (Gargoyle Conjurer)          Turns: 9640, Time: 01:17:25

Health: -10/58     AC: 12    Str: 11    XL:     10   Next: 32%
Magic:  10/21      EV: 10    Int: 23    God:
Gold:   345        SH:  0    Dex:  8    Spells: 7/23 levels left

rFire   . . .        l - +3 dagger (venom)
rCold   . . .        (no shield)
rNeg    + . .        a - +0 robe
rPois   ∞            (no helmet)
rElec   +            w - +1 cloak
rCorr   .            E - +0 pair of gloves
SInv    .            (no boots)
Will    ++...        (no amulet)
Stlth   ++           e - ring of willpower
HPRegen 0.29/turn    h - ring of willpower
MPRegen 0.17/turn

%: no passive effects
@: no status effects
A: sickness immunity, AC +7, negative energy resistance 1, electricity
resistance, torment resistance 1, petrification resistance
a: no special abilities


You were on level 8 of the Dungeon.
You visited 2 branches of the dungeon, and saw 9 of its levels.

You collected 345 gold pieces.

Inventory:

Hand Weapons
 c - a +0 dagger
 d - a +1 dagger of venom
 l - a +3 dagger of venom (weapon)
Armour
 a - a +0 robe (worn)
 w - a +1 cloak (worn)
 E - a +0 pair of gloves (worn)
Jewellery
 e - a ring of willpower (left hand)
 h - a ring of willpower (right hand)
 G - an amulet of magic regeneration
Wands
 t - a wand of flame (24)
 v - a wand of iceblast (2)
 y - a wand of mindburst (13)
 D - a wand of acid (5)
Scrolls
 g - 3 scrolls of summoning {unknown}
 i - a scroll of amnesia
 k - 2 scrolls of enchant weapon
 m - a scroll of teleportation
 n - a scroll of acquirement {unknown}
 p - a scroll of noise
 r - a scroll of blinking
 u - 2 scrolls of immolation
 A - 2 scrolls of identify
 B - a scroll of fog {unknown}
 C - a scroll of fear {unknown}
 F - a scroll of revelation {unknown}
Potions
 b - a potion of magic
 f - 2 potions of heal wounds {unknown}
 j - a potion of haste {unknown}
 o - a potion of attraction {unknown}
 q - a potion of brilliance {unknown}
 s - a potion of mutation {unknown}
 x - 2 potions of lignification {unknown}
 z - a potion of cancellation {unknown}


   Skills:
 + Level 4.5 Fighting
 - Level 1.6 Dodging
 - Level 2.3 Stealth
 + Level 7.4 Spellcasting
 + Level 9.6 Conjurations
 + Level 3.9 Translocations
 + Level 1.8 Ice Magic
 + Level 1.4 Air Magic
 - Level 5.0 Alchemy
 - Level 2.0 Evocations


You had 7 spell levels left.
You knew the following spells:

 Your Spells              Type           Power      Damage    Failure   Level
a - Magic Dart            Conj           100%       1d8       1%          1
b - Searing Ray           Conj           100%       2d8       1%          2
c - Fulminant Prism       Conj/Alch      21%        3d12      3%          4
d - Iskenderun's Mystic Conj/Tloc 39%            2d9        (+2d4     4%          4
e - Freezing Cloud        Conj/Ice/Air   14%        6-21      34%         5

Your spell library contained the following spells:

 Spells                   Type           Power      Damage    Failure   Level
 Mephitic Cloud           Conj/Alch/Air  33%        N/A       2%          3
 Dazzling Flash           Conj/Hex       60%        N/A       3%          3
 Ozocubu's Armour         Ice            17%        N/A       11%         3
 Fugue of the Fallen      Necr           8%         N/A       22%         3
 Ignite Poison            Fire/Alch      20%        N/A       26%         4
 Silence                  Hex/Air        5%         N/A       83%         5
 Manifold Assault         Tloc           13%        N/A       100%        7
 Cigotuvi's Dreadful Rot  Necr/Alch/Air  Unusable   N/A       N/A         2

Dungeon Overview and Level Annotations

Branches:
Dungeon (8/15)             Temple (1/1) D:4
   Lair: D:8-11

Altars:
Ashenzari
Cheibriados
Elyvilon
Gozag
Makhleb
Nemelex Xobeh
Qazlal
Ru
Sif Muna
Uskayaw
Wu Jian
Yredelemnul
The Shining One

Shops:
D:1 !   D:5 [   D:7 (

Annotations:
D:5 1 runed translucent door, discipleofbeogh's ghost, amateur DrSh


Innate Abilities, Weirdness & Mutations

You are immune to sickness and miasma.
Your stone body is resilient. (AC +7)
You are immune to poison.
You resist negative energy. (rN+)
You are resistant to electric shocks. (rElec)
You are resistant to unholy torment.
You are immune to petrification.


Message History

The polar bear closely misses you.
The polar bear claws you but does no damage.
The polar bear misses you.
You closely miss the polar bear.
The polar bear is severely wounded.
The polar bear bites you.
The polar bear claws you but does no damage.
The polar bear closely misses you.
You hit the polar bear but do no damage.
The polar bear looks as sick as possible!
The polar bear is severely wounded.
The polar bear bites you.
The polar bear claws you but does no damage. x2
You barely miss the polar bear.
The polar bear is severely wounded.
The polar bear misses you.
The polar bear claws you but does no damage.
The polar bear claws you.
You hit the polar bear.
The polar bear looks as sick as possible!
The polar bear is severely wounded.
The polar bear goes berserk!
You hit the polar bear.
The polar bear looks as sick as possible!
The polar bear is almost dead.
The polar bear closely misses you. The polar bear claws you.
* * * LOW HITPOINT WARNING * * *
The polar bear closely misses you. x2
The polar bear claws you but does no damage. x2
You hit the polar bear.
The polar bear looks as sick as possible!
The polar bear is almost dead.
The polar bear bites you.
* * * LOW HITPOINT WARNING * * *
The polar bear claws you but does no damage. x2
You hit the polar bear.
The polar bear looks as sick as possible!
The polar bear is almost dead.
The polar bear bites you!!
You die...

##### ###⌠#⌠###
.>.....
##≈≈≈≈≈≈≈###....#.)
#⌠≈.....≈⌠#........
##≈.._..§##.......#
#⌠§§....≈⌠#.)....
###≈§§.≈≈≈##.[[.#
#≈####§####≈h.##
#≈≈§≈§.≈≈≈≈≈@..####
###........[......#
#...§§..........#
#...............#
#.............###
##.........####
###....#### ######
#.#### ##....####.#


You could see a polar bear (berserk, extremely poisoned).

Vanquished Creatures
  A two-headed ogre (D:8)
  Maurice (D:8)
  A rime drake (D:8)
  A water moccasin (D:6)
  3 orc warriors (D:7)
  2 ice beasts
  A sky beast (D:7)
  3 ogres
  2 wolves (D:8)
  3 centaurs
  2 phantoms
  A kobold brigand (D:8)
  A bullfrog (D:7)
  5 scorpions
  5 wights (D:8)
  A howler monkey (D:6)
  A bombardier beetle (D:5)
  6 orc priests
  A gnoll bouda (D:6)
  4 hounds
  A sleepcap (D:7)
  2 iguanas (D:7)
  7 orc wizards
  Robin (D:3)
  3 gnolls (D:6)
  10 adders
  A white imp (D:7)
  6 ufetubi
  A dart slug (D:1)
  2 ribbon worms (D:3)
  21 orcs
  9 endoplasms
  4 giant cockroaches
  16 goblins
  7 hobgoblins
  2 jackals (D:2)
  7 quokkas
  A ball python (D:2)
  4 bats (D:2)
  4 frilled lizards (D:2)
  13 kobolds
  4 rats
  A fulminant prism (D:8)
172 creatures vanquished.

Vanquished Creatures (others)
  20 fulminant prisms
20 creatures vanquished.

Grand Total: 192 creatures vanquished

Notes
Turn   | Place    | Note
-------+----------+-------------------------------------------
     0 | D:1      | Bediveer the Gargoyle Conjurer began the quest for the Orb.
     0 | D:1      | Reached XP level 1. HP: 10/10 MP: 3/3
   256 | D:1      | Found Corowkim's Distillery.
   333 | D:1      | Reached XP level 2. HP: 15/15 MP: 0/5
   336 | D:1      | Learned a level 2 spell: Searing Ray
   883 | D:2      | Reached XP level 3. HP: 19/19 MP: 2/7
   966 | D:2      | Reached skill level 5 in Conjurations
  1182 | D:2      | Found a faded altar of an unknown god.
  1275 | D:2      | Reached XP level 4. HP: 24/24 MP: 3/8
  1341 | D:2      | Learned a level 4 spell: Fulminant Prism
  2119 | D:3      | Found a sacrificial altar of Ru.
  2373 | D:3      | Noticed Robin
  2380 | D:3      | Killed Robin
  2381 | D:3      | Reached XP level 5. HP: 28/28 MP: 1/10
  2382 | D:3      | Reached skill level 1 in Alchemy
  3367 | D:4      | Reached skill level 6 in Conjurations
  3367 | D:4      | Reached XP level 6. HP: 31/32 MP: 1/11
  3460 | D:4      | Learned a level 4 spell: Iskenderun's Mystic Blast
  3699 | D:4      | Found a staircase to the Ecumenical Temple.
  3928 | D:4      | Reached XP level 7. HP: 34/36 MP: 8/13
  4041 | D:5      | Entered Level 5 of the Dungeon
  4070 | Temple   | Entered the Ecumenical Temple
  4320 | D:5      | Found Soluxaq's Armour Boutique.
  5052 | D:5      | Found a runed translucent door.
  5055 | D:5      | Noticed discipleofbeogh's ghost (amateur DrSh)
  5478 | D:5      | Found a shimmering blue altar of Sif Muna.
  5657 | D:6      | Reached skill level 7 in Conjurations
  5657 | D:6      | Reached XP level 8. HP: 41/41 MP: 9/15
  5718 | D:6      | Reached skill level 5 in Spellcasting
  5988 | D:6      | Found a hide-covered altar of Uskayaw.
  6324 | D:6      | Found a sparkling altar of Nemelex Xobeh.
  6403 | D:6      | Reached skill level 5 in Alchemy
  6492 | D:6      | Found a white marble altar of Elyvilon.
  7147 | D:7      | Reached skill level 8 in Conjurations
  7346 | D:7      | Reached XP level 9. HP: 41/45 MP: 15/18
  7429 | D:7      | Reached skill level 1 in Translocations
  7443 | D:7      | Reached skill level 1 in Fighting
  7672 | D:7      | Found Quung's Antique Weapon Shoppe.
  8708 | D:8      | Noticed Maurice
  8708 | D:8      | Noticed a rime drake
  8716 | D:8      | Killed a rime drake
  8717 | D:8      | Reached skill level 9 in Conjurations
  8717 | D:8      | Reached skill level 1 in Evocations
  8718 | D:8      | Noticed a polar bear
  8721 | D:8      | Killed Maurice
  8847 | D:8      | Learned a level 5 spell: Freezing Cloud
  8881 | D:8      | Reached XP level 10. HP: 55/56 MP: 12/20
  8974 | D:8      | Found a burning altar of Makhleb.
  8992 | D:8      | Reached skill level 1 in Ice Magic
  8998 | D:8      | Noticed a two-headed ogre
  9208 | D:8      | Killed a two-headed ogre
  9209 | D:8      | Reached skill level 1 in Air Magic
  9640 | D:8      | Mangled by a polar bear

Illustrated notes

Levels and vault maps discovered:
D:1:      eino_arrival_tree_alley, layout_basic, serial_shops,
          nicolae_shop_industrial_runoff, st_stairs_8
D:2:      layout_basic, dreamdust_ecumenical_altar_hidden_monk_grotto,
          minmay_hexomino_f4
D:3:      layout_loops_ring, nicolae_ru_sacrificial_ziggurat, uniq_robin
D:4:      layout_loops_ring, temple_green
D:5:      layout_basic, led_sif_pool, ebering_ghost_reflecting_pool,
          serial_shops, shop, chequers_avenue, st_stairs_10, minivault_24
D:6:      layout_gridville, marbit_many_paths, nicolae_elyvilon_peaceful_grove,
          lemuel_doored_altar
D:7:      layout_basic, serial_aquarium, aquarium_bridge_straight
          [aquarium_subvault_bridge, aquarium_subvault_wall,
          aquarium_subvault_bridge, aquarium_subvault_balcony],
          aquarium_window_3, aquarium_window_1, aquarium_view_2d,
          aquarium_balcony_3b, aquarium_pool_1, serial_shops, shop
D:8:      layout_cave_pods, grunt_temple_overflow_growth_and_decay,
          lightli_temple_of_fire, hellmonk_lair_entry_icy,
          minmay_misc_feat_plants, uniq_maurice
Temple:   nicolae_temple_ecumenical_triangle

Skill      XL: |  1  2  3  4  5  6  7  8  9 10 |
---------------+-------------------------------+-----
Conjurations   | 5 6 7 8 9 |  9.6
Spellcasting   | 3 4 6 7 |  7.4
Alchemy        | 1 2 4 5 |  5.0
Translocations | 3 |  3.9
Fighting       | 3 4 |  4.5
Evocations     | 2 |  2.0
Ice Magic      | 1 |  1.8
Air Magic      | 1 |  1.4
Dodging        | |  1.6
Stealth        | |  2.3

Action                     |  1- 3 |  4- 6 |  7- 9 | 10-12 || total
---------------------------+-------+-------+-------+-------++-------
  Melee: Unarmed           |     4 |       |       |       ||     4
         Dagger            |     6 |    16 |    21 |    13 ||    56
   Cast: Magic Dart        |    28 |    83 |     4 |       ||   115
         Searing Ray       |     4 |    10 |    61 |    14 ||    89
         Fulminant Prism   |       |     2 |    14 |     5 ||    21
         Iskenderun's Myst |       |       |     2 |     2 ||     4
  Evoke: Wand              |       |       |    12 |     4 ||    16
    Use: Scroll            |       |       |     9 |       ||     9
 Armour: Robe              |    11 |    13 |    99 |    36 ||   159
  Dodge: Dodged            |    15 |    14 |    78 |    17 ||   124

Table legend: (Time is in decaauts)
 A = Elapsed time spent in this place.
 B = Non-inter-level travel time spent in this place.
 C = Inter-level travel time spent in this place.
 D = Time resting spent in this place.
 E = Time spent auto-exploring this place.
 F = Levels seen in this place.
 G = Mean time per level.
                   A        B        C        D        E       F      G
               +--------+--------+--------+--------+--------+-----+--------+
         Total |   9646 |   9202 |    444 |   3097 |   5166 |   9 | 1071.8 |
       Dungeon |   9630 |   9195 |    435 |   3097 |   5166 |   8 | 1203.8 |
        Temple |     15 |      7 |      8 |      0 |      0 |   1 |   15.0 |
               +--------+--------+--------+--------+--------+-----+--------+

Top non-repeatable levels by time:
     D:6: 1654 daAuts
     D:4: 1399 daAuts
     D:5: 1263 daAuts
     D:8: 1246 daAuts
     D:7: 1180 daAuts
     D:3: 1078 daAuts
     D:2: 1009 daAuts
     D:1: 798 daAuts
  Temple: 15 daAuts
